 Dungeon Crawl Stone Soup version 0.21-a0-273-g0785366 (webtiles) character file.

11987 Jail the Basher (level 11, -1/114 (115) HPs)
             Began as a Troll Berserker on Sept 17, 2017.
             Was a High Priest of Trog.
             Slain by an unseen horror (6 damage)
             ... on level 11 of the Dungeon.
             The game lasted 00:44:36 (10497 turns).

Jail the Basher (Troll Berserker)                  Turns: 10497, Time: 00:44:37

HP:   -1/114 (115)  AC: 10    Str: 27    XL:     11   Next: 56%
MP:   10/10         EV: 10    Int:  6    God:    Trog [*****.]
Gold: 683           SH:  0    Dex:  9    Spells: 10/10 levels left

rFire    . . .     SeeInvis .   H - +2 demon blade (drain)
rCold    + . .     Gourm    +   (no shield)
rNeg     . . .     Faith    +   L - +0 troll leather armour
rPois    +         Spirit   .   (helmet restricted)
rElec    .         Reflect  .   R - +0 cloak
rCorr    .         Harm     .   (gloves unavailable)
MR       +....                  (boots unavailable)
Stlth    +.........             K - amulet of faith
HPRegen  1.09/turn              s - ring of poison resistance
MPRegen  0.12/turn              N - ring of protection from cold

@: no status effects
A: unfitting armour, claws 3, hooves 1, slimy green scales 1, blurry vision 1,
fast metabolism 3, gourmand, magic resistance 1, regeneration 1, shaggy fur 1,
tough skin 2
a: Berserk, Trog's Hand, Brothers in Arms, Burn Spellbooks, Renounce Religion


You were on level 11 of the Dungeon.
You worshipped Trog.
Trog was extremely pleased with you.
You were not hungry.

You visited 2 branches of the dungeon, and saw 12 of its levels.

You collected 863 gold pieces.
You spent 180 gold pieces at shops.

Inventory:

Hand Weapons
 a - a +0 mace
 p - a +0 morningstar
 t - a +0 dire flail
 w - a +0 giant spiked club
 A - a +0 blowgun
 B - a +0 flail
 H - a +2 demon blade of draining (weapon)
 T - a +3 dire flail
Missiles
 k - 223 stones
 u - 10 large rocks (quivered)
 C - 14 poisoned needles
 I - 8 curare-tipped needles
 M - 5 needles of sleeping
 O - 9 tomahawks
 V - 3 javelins of penetration
Armour
 b - a +0 animal skin
 L - a +0 troll leather armour (worn)
 R - a +0 cloak (worn)
Jewellery
 n - a +3 ring of dexterity
 s - a ring of poison resistance (left claw)
 z - an uncursed ring of flight
 E - an uncursed ring of protection from fire
 K - an amulet of faith (around neck)
 N - a ring of protection from cold (right claw)
 X - an uncursed ring of fire {unknown}
Wands
 x - a wand of flame (22/48)
 F - a wand of confusion (48/48)
 G - a wand of polymorph (18/24)
Scrolls
 h - 6 scrolls of remove curse
 i - 2 scrolls of enchant armour
 j - a scroll of recharging
 l - 6 scrolls of teleportation
 o - a scroll of random uselessness
 v - a scroll of fear
 y - 9 scrolls of magic mapping
 J - a scroll of identify
 P - a scroll of silence
 Y - a scroll of enchant weapon
Potions
 e - a potion of flight
 f - 2 potions of haste
 g - 2 potions of agility
 m - 5 potions of curing
 r - 2 potions of berserk rage
 Q - a potion of ambrosia
 S - a potion of heal wounds
 U - 2 potions of might
 W - a potion of cancellation {unknown}
Comestibles
 c - 9 bread rations
 d - 7 fruits
 q - 3 royal jellies
 D - a meat ration


   Skills:
 + Level 9.2 Fighting
 + Level 10.8 Maces & Flails
 + Level 9.4 Throwing
 - Level 2.4 Dodging


You had 10 spell levels left.
You didn't know any spells.

Dungeon Overview and Level Annotations

Branches:
Dungeon (11/15)            Temple (1/1) D:5            Lair (0/6) D:8
    Orc (0/2) D:10

Altars:
Ashenzari
Cheibriados
Dithmenos
Elyvilon
Fedhas
Gozag
Hepliaklqana
Kikubaaqudgha
Makhleb
Nemelex Xobeh
Okawaru
Qazlal
Ru
Sif Muna
Trog
Uskayaw
Vehumet
Wu Jian
Xom
Yredelemnul
Zin
The Shining One

Shops:
D:8 *

Portals:
Trove: D:10 (give +7 demon whip)


Innate Abilities, Weirdness & Mutations

You are too large for most types of armour.
You have claws for hands.
Your metabolism is lightning-fast.
You like to eat raw meat.
Your natural rate of healing is unusually fast.
You are covered in fur. (AC +1)
You have very tough skin. (AC +2)
You have large cloven feet.
You are partially covered in slimy green scales. (AC +2)
Scrolls take you a little longer to read.
You are resistant to hostile enchantments. (MR+)


Message History

Something hits you.
The two-headed ogre hits you with a giant club!!
The two-headed ogre hits you with a giant club!
You hit the two-headed ogre. You kick the two-headed ogre.
The two-headed ogre is lightly wounded.
Something hits you! Something hits you but does no damage. Something hits you!
* * * LOW HITPOINT WARNING * * *
The two-headed ogre hits you with a giant club!
* * * LOW HITPOINT WARNING * * *
The two-headed ogre hits you with a giant club.
* * * LOW HITPOINT WARNING * * *
Really read with blurry vision while enemies are nearby?
Okay, then.
Something completely misses you. Something hits you.
* * * LOW HITPOINT WARNING * * *
Something hits you!
* * * LOW HITPOINT WARNING * * *
Something hits you.
You die...

.#...........##.....#
.#...........#......#
)#...........#......#
.#+#'#########......#
....................#
...............Y....#
...............{....#
...............O{...#
................@.###
..................#
..................#
..............###.#
#####..######## .# .#
.# .# ... #....#
........####


You could see a two-headed ogre and a yak.

Vanquished Creatures
  Snorg (D:10)
  A two-headed ogre (D:8)
  An ugly thing (D:8)
  The ghost of Espgualade the Magician, a novice TeIE of Vehumet (D:5)
  Joseph (D:7)
  2 gargoyles (D:11)
  2 trolls
  4 yaks (D:7)
  A wyvern (D:10)
  Eustachio (D:5)
  3 hungry ghosts
  2 water moccasins
  5 orc warriors
  4 sky beasts
  3 ice beasts
  3 phantoms
  A black bear (D:8)
  2 eyes of draining
  6 centaurs
  8 ogres
  5 necrophages
  A big kobold (D:8)
  8 bullfrogs
  5 scorpions
  2 troll zombies (D:10)
  12 killer bees
  10 wights (D:9)
  3 howler monkeys
  5 crimson imps
  A quasit (D:8)
  3 jellies
  An iron imp (D:8)
  6 orc wizards
  7 orc priests
  6 hounds
  A bullfrog skeleton (D:4)
  4 iguanas
  Ijyb (D:5)
  9 worker ants
  A killer bee zombie (D:9)
  4 ogre zombies (D:10)
  A hound skeleton (D:5)
  2 worker ant zombies
  8 adders
  4 gnolls (D:2)
  2 shadow imps
  An ooze (D:1)
  2 adder skeletons
  4 dart slugs
  6 worms
  7 leopard geckos
  37 orcs
  4 giant cockroaches
  10 hobgoblins
  21 jackals
  13 kobolds
  5 quokkas
  8 bats
  5 frilled lizards
  7 goblins
  A goblin zombie (D:10)
  2 hobgoblin skeletons (D:10)
  4 hobgoblin zombies (D:10)
  2 jackal skeletons (D:4)
  A leopard gecko skeleton (D:5)
  2 orc skeletons (D:10)
  10 orc zombies (D:10)
  A quokka zombie (D:9)
  8 rats
  3 plants (D:4)
328 creatures vanquished.

Vanquished Creatures (collateral kills)
  The ghost of Jail the Fighter, a journeyman OgHu of Okawaru (D:11)
  A centaur zombie (D:7)
2 creatures vanquished.

Grand Total: 330 creatures vanquished

Notes
Turn   | Place    | Note
-------+----------+-------------------------------------------
     0 | D:1      | Jail the Troll Berserker began the quest for the Orb.
     0 | D:1      | Reached XP level 1. HP: 22/22 MP: 0/0
   109 | D:1      | Reached skill level 3 in Maces & Flails
   109 | D:1      | Reached XP level 2. HP: 29/29 MP: 1/1
   329 | D:1      | Reached ** piety under Trog
   369 | D:1      | Reached XP level 3. HP: 33/36 MP: 2/2
  1008 | D:2      | Reached skill level 4 in Maces & Flails
  1016 | D:2      | Reached XP level 4. HP: 40/44 MP: 3/3
  1029 | D:2      | Found a shadowy altar of Dithmenos.
  1327 | D:2      | Found an ornate altar of the Wu Jian Council.
  1403 | D:2      | Reached *** piety under Trog
  1535 | D:2      | Reached XP level 5. HP: 53/53 MP: 4/4
  2036 | D:3      | Reached skill level 5 in Maces & Flails
  2274 | D:3      | Reached skill level 1 in Throwing
  2309 | D:4      | Noticed an ogre
  2318 | D:4      | Killed an ogre
  2318 | D:4      | Reached XP level 6. HP: 48/61 MP: 5/5
  2549 | D:4      | Found a sparkling altar of Nemelex Xobeh.
  2549 | D:4      | Found an ancient bone altar of Kikubaaqudgha.
  2595 | D:4      | Reached XP level 7. HP: 39/70 MP: 6/6
  2824 | D:4      | Reached **** piety under Trog
  2824 | D:4      | Reached skill level 6 in Maces & Flails
  3515 | D:5      | Entered Level 5 of the Dungeon
  3580 | D:5      | Noticed Eustachio
  3647 | D:5      | Killed Eustachio
  3647 | D:5      | Reached XP level 8. HP: 53/79 MP: 7/7
  3733 | D:5      | Reached skill level 5 in Fighting
  4139 | D:5      | Noticed Espgualade's ghost (novice TeIE)
  4172 | D:5      | Killed Espgualade's ghost
  4172 | D:5      | Reached skill level 7 in Maces & Flails
  4172 | D:5      | Reached skill level 5 in Throwing
  4269 | D:5      | Found a hazy altar of Hepliaklqana.
  4424 | D:5      | Noticed Ijyb
  4437 | D:5      | Killed Ijyb
  4508 | D:5      | Found a staircase to the Ecumenical Temple.
  4519 | Temple   | Entered the Ecumenical Temple
  4761 | D:5      | Gained mutation: Scrolls take you a little longer to read. [potion of mutation]
  4761 | D:5      | Gained mutation: You are resistant to hostile enchantments. (MR+) [potion of mutation]
  4761 | D:5      | Gained mutation: You have large cloven feet. [potion of mutation]
  4761 | D:5      | Gained mutation: You are partially covered in slimy green scales. (AC +2) [potion of mutation]
  4890 | D:6      | Reached XP level 9. HP: 86/89 MP: 8/8
  5477 | D:7      | Received a gift from Trog
  5667 | D:7      | Reached skill level 8 in Maces & Flails
  5768 | D:7      | Received a gift from Trog
  5858 | D:7      | Noticed Joseph
  5877 | D:7      | Killed Joseph
  6163 | D:7      | You fall through a shaft for 3 floors!
  6163 | D:10     | Entered Level 10 of the Dungeon
  6213 | D:8      | Noticed a two-headed ogre
  6303 | D:8      | Killed a two-headed ogre
  6303 | D:8      | Reached skill level 9 in Maces & Flails
  6303 | D:8      | Reached XP level 10. HP: 72/100 MP: 9/9
  6355 | D:7      | Received a gift from Trog
  6812 | D:6      | You fall through a shaft for 3 floors!
  6856 | D:9      | Found a shattered altar of Ashenzari.
  7105 | D:8      | Noticed a cyan ugly thing
  7133 | D:8      | Killed a cyan ugly thing
  7562 | D:8      | Found Vyps's General Store.
  7567 | D:8      | Bought a scroll of enchant armour for 90 gold pieces
  7567 | D:8      | Bought a scroll of silence for 90 gold pieces
  7771 | D:8      | Found a staircase to the Lair.
  8058 | D:8      | Found a snail-covered altar of Cheibriados.
  8276 | D:9      | Found a radiant altar of Vehumet.
  8287 | D:9      | Reached skill level 10 in Maces & Flails
  8454 | D:9      | Reached XP level 11. HP: 76/112 MP: 10/10
  8915 | D:10     | Reached ***** piety under Trog
  9035 | D:10     | Received a gift from Trog
  9048 | D:10     | Found a staircase to the Orcish Mines.
  9133 | D:10     | Noticed Snorg
  9143 | D:10     | Killed Snorg
  9654 | D:10     | Found a portal to a secret trove of treasure.
 10417 | D:11     | Noticed Jail's ghost (journeyman OgHu)
 10421 | D:11     | Killed Jail's ghost
 10487 | D:11     | Noticed a two-headed ogre
 10496 | D:11     | HP: 4/114 [something (7)]
 10497 | D:11     | Slain by an unseen horror

Vault maps used:
D:1:      dpeg_arrival_rooms_with_view, lemuel_another_geyser
D:2:      lemuel_doored_altar, nicolae_dithmenos_shadow_blocks
D:4:      gammafunk_temple_overflow_elements, serial_bayou,
          serial_bayou_crossing, serial_bayou_pond_a, serial_bayou_lagoon_a,
          serial_bayou_lake_a, serial_bayou_lagoon_b
D:5:      nicolae_overflow_crystal_walls, temple_green, first_bread,
          uniq_eustachio, uniq_ijyb
D:7:      uniq_joseph
D:8:      minmay_tri_box, slow_altar_2, lair_entry_dummy, serial_shops, shop
D:9:      kennysheep_mini, basic_altar, serial_undead, serial_undead_e,
          serial_undead_c, serial_undead_d, serial_undead_a, serial_undead_a,
          serial_undead_c
D:10:     zombieorc1_lemuel, enter_trove_6, uniq_snorg
Temple:   compressed_dpeg_circular_temple

Skill      XL: |  1  2  3  4  5  6  7  8  9 10 11 |
---------------+----------------------------------+-----
Maces & Flails | 3 4 5 6 7 9 10 | 10.8
Fighting       | 3 4 5 7 8 9 |  9.2
Throwing       | 1 2 3 5 7 8 9 |  9.4
Dodging        | |  2.4

Action                   |  1- 3 |  4- 6 |  7- 9 | 10-12 || total
-------------------------+-------+-------+-------+-------++-------
Melee: Mace              |   181 |   100 |       |       ||   281
       Morningstar       |       |    87 |    47 |       ||   134
       Giant spiked club |       |    31 |     2 |       ||    33
       Flail             |       |       |   427 |   307 ||   734
       Kick              |       |       |    68 |   175 ||   243
       Dire flail        |       |       |       |   227 ||   227
       Demon blade       |       |       |       |    63 ||    63
 Fire: Blowgun           |       |       |    17 |     5 ||    22
Throw: Stone             |       |       |    12 |       ||    12
       Tomahawk          |       |       |    21 |    28 ||    49
       Large rock        |       |       |       |     8 ||     8
       Javelin           |       |       |       |     3 ||     3
Invok: Berserk           |       |     3 |     6 |     5 ||    14
       Trog's Hand       |       |     2 |     8 |     5 ||    15
       Brothers in Arms  |       |       |     1 |     3 ||     4
  Use: Scroll            |       |       |    11 |     5 ||    16
       Potion            |       |       |     8 |     3 ||    11
  Eat: Chunk             |    15 |    19 |    46 |    58 ||   138
       Bread ration      |       |       |     2 |       ||     2
       Royal jelly       |       |       |     1 |       ||     1
Armor: Animal skin       |    89 |    94 |   200 |    16 ||   399
       Troll leather arm |       |       |       |   247 ||   247
Dodge: Dodged            |   119 |   151 |   248 |   282 ||   800
       Rpst.: Demon blade |       |       |       |    13 ||    13

Table legend:
 A = Spawn XP
 B = Non-spawn XP
 C = Spawn XP percentage of total XP
 D = Spawn monster count
 E = Non-spawn monster count
 F = Spawn count percentage of total count
 G = Total turns spent on level
                    A         B        C        D         E        F      G
               +---------+---------+-------+---------+---------+-------+---------
         Total |       0 |   17125 |   0.0 |       0 |     327 |   0.0 | 10497
               +---------+---------+-------+---------+---------+-------+---------
           D:1 |       0 |      66 |   0.0 |       0 |      36 |   0.0 |   856
           D:2 |       0 |     158 |   0.0 |       0 |      36 |   0.0 |   847
           D:3 |       0 |      78 |   0.0 |       0 |      26 |   0.0 |   745
           D:4 |       0 |     757 |   0.0 |       0 |      16 |   0.0 |  1240
           D:5 |       0 |    1505 |   0.0 |       0 |      23 |   0.0 |  1057
           D:6 |       0 |     722 |   0.0 |       0 |      17 |   0.0 |   749
           D:7 |       0 |    2494 |   0.0 |       0 |      32 |   0.0 |  1073
           D:8 |       0 |    3476 |   0.0 |       0 |      30 |   0.0 |  1236
           D:9 |       0 |    2305 |   0.0 |       0 |      36 |   0.0 |   968
          D:10 |       0 |    2860 |   0.0 |       0 |      56 |   0.0 |   985
          D:11 |       0 |    2704 |   0.0 |       0 |      19 |   0.0 |   663
               +---------+---------+-------+---------+---------+-------+---------
